Map: Orbital Shipyard

Players

LilDicky - Winner!

  • Race: Terran Terran
  • League: Diamond

PongO

  • Race: Terran Terran
  • League: Diamond

VOD

http://www.twitch.tv/tumescentpie

Description

Time

  • Played on: Jan. 2, 2016, 5:34 p.m.
  • Length: 6:40
Show
View Real Time Build Order
Export as new Build Order

LilDicky Terran - Winner!

Build Orders: Liberator Opening 

Get SALT Encoding   

  12  0:01  SCV  
  13  0:13  SCV  
  14  0:18  Supply Depot  
  14  0:26  SCV  
  15  0:29  Refinery  
  15  0:39  SCV  
  16  0:45  Barracks  
  16  0:54  SCV  
  17  1:11  SCV  
  17  1:15  Refinery  
  19  1:25  SCV  
  19  1:34  Marine  
  19  1:36  Supply Depot  
  19  1:37  Orbital Command  
  20  1:43  Factory  
  20  1:59  Marine  
  21  2:06  SCV  
  22  2:16  Supply Depot  
  22  2:17  Marine  
  22  2:18  SCV  
  24  2:26  Factory Tech Lab  
  24  2:30  Starport  
  24  2:31  SCV  
  24  2:35  Marine  
  26  2:45  Supply Depot  
  26  2:48  Siege Tank  
  29  3:02  Liberator  
  28  3:09  SCV  
  28  3:12  Marine  
  33  3:21  SCV  
  34  3:30  Siege Tank  
  34  3:33  SCV  
  34  3:34  Supply Depot  
  38  3:36  Engineering Bay  
  38  3:39  Marine  
  39  3:45  SCV  
  40  3:57  SCV  
  40  3:58  Supply Depot  
  44  4:11  Siege Tank  
  44  4:12  Viking  
  44  4:13  SCV  
  47  4:20  Missile Turret  
  47  4:24  Marine  
  47  4:25  SCV  
  49  4:42  Marine  
  50  4:53  Missile Turret  
  50  4:54  Missile Turret  
  39  5:23  Viking  
  41  5:37  Marine  
  42  5:49  SCV  
  43  5:54  Viking  
  45  6:01  SCV  
  46  6:13  SCV  
  44  6:22  Command Center  
  44  6:25  SCV  
Show
View Real Time Build Order
Export as new Build Order

PongO Terran 

Build Orders: Reaper Expand 

Get SALT Encoding   

  12  0:01  SCV  
  13  0:13  SCV  
  14  0:17  Supply Depot  
  14  0:25  SCV  
  15  0:39  SCV  
  15  0:40  Barracks  
  16  0:46  Refinery  
  16  0:51  SCV  
  17  1:03  SCV  
  18  1:15  SCV  
  19  1:32  Orbital Command  
  19  1:33  Reaper  
  20  1:44  Command Center  
  20  1:59  Supply Depot  
  20  2:02  SCV  
  20  2:05  Marine  
  21  2:14  SCV  
  22  2:23  Factory  
  22  2:25  Marine  
  22  2:26  SCV, Refinery  
  24  2:38  SCV  
  25  2:49  Marine  
  25  2:50  SCV  
  27  3:02  SCV  
  28  3:07  Marine, Orbital Command  
  28  3:12  Factory Tech Lab  
  28  3:13  Starport  
  28  3:14  SCV  
  28  3:17  Engineering Bay  
  29  3:25  Marine  
  29  3:26  SCV  
  31  3:33  SCV  
  32  3:36  Cyclone  
  32  3:38  SCV  
  32  3:40  Supply Depot  
  36  3:45  SCV  
  36  3:46  Missile Turret  
  37  3:50  SCV, Missile Turret  
  38  3:57  SCV  
  38  3:59  Viking  
  38  4:02  Marine  
  41  4:04  SCV  
  43  4:10  Supply Depot  
  43  4:11  SCV  
  43  4:13  Siege Tank  
  43  4:16  SCV  
  48  4:20  Marine  
  48  4:24  SCV  
  50  4:28  SCV  
  51  4:36  SCV  
  52  4:40  SCV  
  52  4:42  Marine  
  52  4:45  Viking  
  56  4:57  SCV x2  
  58  5:00  Marine  
  59  5:08  Barracks  
  59  5:10  Siege Tank, Barracks  
  62  5:18  SCV  
  62  5:19  Marine  
  62  5:21  SCV  
  62  5:27  Viking  
  62  5:29  Barracks  
  62  5:31  Refinery x2  
  62  5:37  Barracks x2  
  57  5:56  Supply Depot  
  57  6:02  Barracks Tech Lab  
  57  6:17  SCV, Marine  
  62  6:21  Supply Depot x2  
  62  6:22  Barracks Reactor, Supply Depot  
  60  6:30  Barracks Reactor  
Tags
 
Add a new tag
Caveats
  • Supply blocks, unpowered buildings, or Contaminate may cause inaccurate times.
  • Supply counts are checked every 10 seconds.